 Dungeon Crawl Stone Soup version 0.23-a0-650-ga4d50d4 (webtiles) character file.

237 Borgoz the Sneak (level 6, -1/37 HPs)
             Began as a Kobold Assassin on Jan 2, 2019.
             Slain by a crocodile (8 damage)
             ... in a sewer.
             The game lasted 00:05:59 (2940 turns).

Borgoz the Sneak (Kobold Assassin)                  Turns: 2940, Time: 00:06:00

Health: -1/37      AC:  4    Str:  8    XL:     6   Next: 28%
Magic:  6/6        EV: 15    Int: 12    God:
Gold:   175        SH:  0    Dex: 19    Spells: 5/5 levels left

rFire    + . .     SeeInvis .   a - +2 dagger
rCold    . . .     Gourm    .   (shield restricted)
rNeg     . . .     Faith    .   u - +0 leather armour
rPois    .         Spirit   .   (no helmet)
rElec    .         Reflect  .   d - +0 cloak
rCorr    .         Harm     .   (no gloves)
MR       .....                  (no boots)
Stlth    +++.......             (no amulet)
HPRegen  0.12/turn              r - ring of protection from fire
MPRegen  0.10/turn              (no ring)

@: hasted, very quick
A: small, carnivore
a: no special abilities


You were in a sewer.
You were completely stuffed.

You visited 1 branch of the dungeon, and saw 4 of its levels.
You also visited: Sewer.

You collected 175 gold pieces.

Inventory:

Hand Weapons
 a - a +2 dagger (weapon)
 b - a +0 blowgun
Missiles
 e - 37 poisoned needles
 f - 2 curare-tipped needles
 l - 3 tomahawks (quivered)
Armour
 c - a +0 robe
 d - a +0 cloak (worn)
 u - a +0 leather armour (worn)
Jewellery
 r - a ring of protection from fire (left hand)
Scrolls
 h - 3 scrolls of teleportation {unknown}
 i - 3 scrolls of fog {unknown}
 k - 2 scrolls of enchant weapon {unknown}
 m - 5 scrolls of identify {unknown}
 n - 4 scrolls of immolation {unknown}
 o - 2 scrolls of remove curse {unknown}
 s - 2 scrolls of fear {unknown}
 x - 2 scrolls of random uselessness {unknown}
Potions
 j - 3 potions of curing {unknown}
 p - a potion of heal wounds {unknown}
 q - a potion of might {unknown}
 t - a potion of berserk rage {unknown}
 v - a potion of cancellation {unknown}
 w - a potion of lignification {unknown}
 z - a potion of haste
Comestibles
 g - 7 rations
 A - 7 chunks of flesh


   Skills:
 + Level 3.3 Fighting
 * Level 5.2 Short Blades
 - Level 2.1 Throwing
 + Level 1.6 Armour
 + Level 3.0 Dodging
 + Level 6.1 Stealth


You had 5 spell levels left.
You didn't know any spells.
Your spell library was empty.

Dungeon Overview and Level Annotations

Branches:
Dungeon (4/15)
 Temple: D:4-7

Altars:
Vehumet
Xom


Innate Abilities, Weirdness & Mutations

You are small and have problems with some larger weapons.
You are carnivorous and can eat meat at any time.


Message History

Press: ? - help, Shift-Dir - straight line, f/p - crocodile
Aim: a crocodile (poisoned)
You shoot a poisoned needle. The poisoned needle hits the crocodile.
The crocodile looks even sicker.
a - a +2 dagger (weapon)
You hit the crocodile but do no damage.
The crocodile is moderately wounded.
The crocodile bites you!
You hit the crocodile but do no damage.
The crocodile is moderately wounded.
The crocodile bites you!
You barely miss the crocodile.
The crocodile is heavily wounded.
You barely miss the crocodile.
The crocodile is heavily wounded.
The crocodile looks more healthy.
The crocodile bites you!
* * * LOW HITPOINT WARNING * * *
Okay, then.
It was a potion of haste.
You feel yourself speed up. The crocodile bites you!
You die...

..((.............∩
.....####.########
... #.# . #.# #.#
#.# #.# ##t##
##@..## ##.....##
#÷÷.≈...#
#..≈≈≈..#
#.≈≈≈≈≈.#
#..≈≈≈..#
#..÷≈...#
##.....## ##.∩.##


You could see a crocodile.

Vanquished Creatures
  A hound (D:4)
  A worker ant (D:3)
  7 adders
  2 oozes
  2 worms
  4 dart slugs
  2 leopard geckos
  6 orcs
  7 giant cockroaches
  6 goblins
  7 hobgoblins
  10 jackals
  7 kobolds
  3 quokkas
  2 ball pythons (D:3)
  12 bats
  3 frilled lizards
  8 rats
90 creatures vanquished.

Notes
Turn   | Place    | Note
-------+----------+-------------------------------------------
     0 | D:1      | Borgoz the Kobold Assassin began the quest for the Orb.
     0 | D:1      | Reached XP level 1. HP: 12/12 MP: 1/1
   263 | D:1      | Reached XP level 2. HP: 18/18 MP: 2/2
   347 | D:1      | Found an ornate altar of the Wu Jian Council.
   505 | D:1      | Found a bloodstained altar of Trog.
   505 | D:1      | Found a shimmering altar of Xom.
   507 | D:1      | Found a basalt altar of Yredelemnul.
   507 | D:1      | Found a stormy altar of Qazlal.
   507 | D:1      | Found a shimmering altar of Xom.
   885 | D:1      | Reached XP level 3. HP: 22/22 MP: 3/3
  1367 | D:2      | Reached XP level 4. HP: 27/27 MP: 4/4
  1446 | D:3      | Reached skill level 1 in Armour
  1826 | D:3      | Reached XP level 5. HP: 29/32 MP: 5/5
  2293 | D:3      | Found a radiant altar of Vehumet.
  2295 | D:3      | Found a shimmering altar of Xom.
  2409 | D:4      | Reached skill level 6 in Stealth
  2553 | D:4      | Reached XP level 6. HP: 37/37 MP: 6/6
  2653 | D:4      | Reached skill level 5 in Short Blades
  2728 | D:4      | Found a glowing drain.
  2783 | Sewer    | Entered a sewer
  2940 | Sewer    | Slain by a crocodile

Vault maps used:
D:1:      onia_arrival_mini_spirals, serial_rivers,
          chequers_serial_rivers_micro_d, chequers_serial_rivers_small_a,
          chequers_serial_rivers_marsh, chequers_serial_rivers_marsh,
          minmay_misc_feat_hallway, glass_columns_b,
          chequers_serial_rivers_micro_b, doesnt_xom_only_xom
D:2:      first_ration
D:3:      nicolae_overflow_hidden_temple
D:4:      gup_sewer_entry_glass
Sewer:    sewer_big_baddie

Skill      XL: |  1  2  3  4  5  6 |
---------------+-------------------+-----
Short Blades   | 3 4 5 |  5.2
Dodging        | 2 3 |  3.0
Armour         | 1 |  1.6
Fighting       | 3 |  3.3
Stealth        | 6 |  6.1
Throwing       | |  2.1

Action                   |  1- 3 |  4- 6 || total
-------------------------+-------+-------++-------
Melee: Dagger            |   107 |   201 ||   308
 Fire: Blowgun           |       |     4 ||     4
  Use: Potion            |       |     1 ||     1
 Stab: Sleeping          |    13 |    16 ||    29
  Eat: Chunk             |    10 |     5 ||    15
Armor: Robe              |    18 |     5 ||    23
       Leather armour    |       |    30 ||    30
Dodge: Dodged            |    65 |   142 ||   207

Table legend:
 A = Non-vault XP
 B = Vault XP
 C = Vault XP percentage of total XP
 D = Non-vault monster count
 E = Vault monster count
 F = Vault count percentage of total count
                 A         B        C        D         E       F
            +---------+---------+-------+---------+---------+-------
      Total |     300 |      39 |  11.5 |      80 |      10 |  11.1
            +---------+---------+-------+---------+---------+-------
        D:1 |      34 |       0 |   0.0 |      19 |       0 |   0.0
        D:2 |      47 |       0 |   0.0 |      18 |       0 |   0.0
        D:3 |     113 |       0 |   0.0 |      25 |       0 |   0.0
        D:4 |     106 |      33 |  23.7 |      18 |       5 |  21.7
      Sewer |       0 |       6 | 100.0 |       0 |       5 | 100.0
            +---------+---------+-------+---------+---------+-------
